 Dungeon Crawl Stone Soup version 0.29.0-15-g675c0067aa (webtiles) character file.

Game seed: 8726971774517167900

93011 mortz the Unseen (level 16, -4/74 HPs)
             Began as a Kobold Conjurer on Sept 11, 2022.
             Was the Champion of Hepliaklqana.
             Killed from afar by a swamp worm (16 damage)
             ... with a harpoon shot
             ... on level 1 of the Swamp.
             The game lasted 03:37:24 (38938 turns).

mortz the Unseen (Kobold Conjurer)                 Turns: 38938, Time: 03:37:24

Health: -4/74      AC: 16    Str:  8    XL:     16   Next: 55%
Magic:  38/42      EV: 17    Int: 24    God:    Hepliaklqana [******]
Gold:   690        SH:  5    Dex: 17    Spells: 12/42 levels left

rFire   . . .      SeeInvis .   a - +7 dagger (flame)
rCold   . . .      Faith    .   R - +0 buckler
rNeg    . . .      Spirit   .   T - +2 robe {Archmagi}
rPois   +          Reflect  .   w - +2 helmet
rElec   +          Harm     .   n - +2 cloak
rCorr   .          Rampage  .   X - +2 pair of gloves
Will    +....      Archmagi +   y - +2 pair of boots
Stlth   ++++++++..              t - amulet "Surgh" {Acrobat Fly rElec rPois Dex+4}
HPRegen 0.22/turn               G - ring of magical power
MPRegen 0.28/turn               W - ring of wizardry

@: flying
A: reduced essence, small, no large weapons, nightstalker 3
a: Renounce Religion, Recall Ancestor, Ancestor Identity, Transference, Idealise


You were on level 1 of the Swamp.
You worshipped Hepliaklqana.
Hepliaklqana was exalted by your worship.
You visited 5 branches of the dungeon, and saw 24 of its levels.

You collected 3092 gold pieces.
You spent 2402 gold pieces at shops.

Inventory:

Hand Weapons
 a - a +7 dagger of flaming (weapon)
 l - a +3 dagger of speed
 O - a +4 falchion of freezing
 V - a +4 scimitar of flaming
Missiles
 h - 6 throwing nets
Armour
 d - a +0 kite shield
 n - a +2 cloak (worn)
 w - a +2 helmet (worn)
 y - a +2 pair of boots (worn)
 B - a +2 robe of willpower
 I - a +2 robe of resistance
 Q - a +2 leather armour of cold resistance
 R - a +0 buckler (worn)
 T - a +2 robe of the Archmagi (worn)
 X - a +2 pair of gloves (worn)
 Z - +0 acid dragon scales
Magical Staves
 p - a staff of poison
 z - a staff of air
Jewellery
 j - an amulet of regeneration
 t - the amulet "Surgh" (around neck) {Acrobat Fly rElec rPois Dex+4}
   (You bought it in a shop on level 5 of the Dungeon)

   [amulet of the acrobat]

   It increases your evasion while moving and waiting.
   Dex:       It affects your dexterity (+4).
   rElec:     It insulates you from electricity.
   rPois:     It protects you from poison.
   Fly:       It grants you flight.
 A - a +6 ring of dexterity
 G - a ring of magical power (left hand)
 N - a +4 ring of protection
 W - a ring of wizardry (right hand)
Wands
 r - a wand of acid (17)
 C - a wand of iceblast (8)
 D - a wand of paralysis (22)
 E - a wand of polymorph (16)
 S - a wand of flame (22)
Scrolls
 c - a scroll of magic mapping
 g - a scroll of blinking
 k - 9 scrolls of teleportation
 o - 2 scrolls of immolation
 q - 4 scrolls of enchant armour
 x - 2 scrolls of amnesia
 F - 5 scrolls of identify
 M - 2 scrolls of fog
 P - a scroll of fear
Potions
 b - 2 potions of magic
 e - a potion of ambrosia
 f - 6 potions of brilliance
 m - a potion of cancellation {unknown}
 s - 11 potions of curing
 v - 6 potions of might
 H - 3 potions of haste
 J - 3 potions of resistance
 K - 3 potions of mutation
 L - a potion of invisibility
 U - 4 potions of heal wounds
 Y - 7 potions of lignification
Miscellaneous
 i - a tin of tremorstones (2/2)
 u - a lightning rod (4/4)


   Skills:
 + Level 3.1 Fighting
 + Level 4.6 Short Blades
 + Level 6.7 Dodging
 + Level 17.0 Stealth
 + Level 0.8 Shields
 + Level 13.7 Spellcasting
 + Level 12.8 Conjurations
 + Level 3.8 Summonings
 + Level 10.0 Translocations
 + Level 0.1 Transmutations
 + Level 4.3 Fire Magic
 + Level 1.3 Air Magic
 * Level 11.7 Earth Magic
 + Level 3.6 Poison Magic
 + Level 3.1 Invocations


You had 12 spell levels left.
You knew the following spells:

 Your Spells              Type           Power      Damage    Failure   Level
a - Magic Dart            Conj           100%       1d8       1%          1
b - Searing Ray           Conj           100%       2d8       1%          2
c - Iskenderun's Mystic   Conj/Tloc      82%        2d16      1%          4
d - Stone Arrow           Conj/Erth      100%       3d13      1%          3
e - Call Canine Familiar  Summ           51%        N/A       1%          3
f - Lee's Rapid Deconstr  Erth           41%        3d21*     1%          5
g - Dispersal             Tloc           38%        N/A       6%          6
h - Mephitic Cloud        Conj/Pois/Air  61%        N/A       1%          3
i - Ignite Poison         Fire/Tmut/Pois 44%        N/A       2%          3

Your spell library contained the following spells:

 Spells                   Type           Power      Damage    Failure   Level
 Shock                    Conj/Air       100%       1d9       1%          1
 Poisonous Vapours        Pois/Air       84%        N/A       1%          2
 Conjure Flame            Conj/Fire      72%        6-21      1%          3
 Dazzling Flash           Conj/Hex       100%       N/A       1%          3
 Gell's Gravitas          Tloc           77%        N/A       1%          3
 Portal Projectile        Hex/Tloc       100%       N/A       1%          3
 Teleport Other           Tloc           77%        N/A       1%          3
 Animate Armour           Summ/Erth      100%       N/A       1%          4
 Fulminant Prism          Conj/Hex       31%        3d16      1%          4
 Hailstorm                Conj/Ice       63%        3d13      1%          4
 Leda's Liquefaction      Hex/Erth       30%        N/A       1%          4
 Passage of Golubria      Tloc           77%        N/A       1%          4
 Sticky Flame             Conj/Fire      72%        2d9       1%          4
 Freeze                   Ice            96%        1d11      2%          1
 Necrotise                Necr           96%        1d8       2%          1
 Sublimation of Blood     Necr           24%        N/A       3%          2
 Wereblood                Tmut           25%        N/A       3%          2
 Summon Forest            Summ/Tloc      32%        N/A       3%          5
 Swiftness                Air            34%        N/A       4%          3
 Frozen Ramparts          Ice            48%        1d8       7%          3
 Ozocubu's Armour         Ice            24%        N/A       7%          3
 Tukima's Dance           Hex            24%        N/A       7%          3
 Vampiric Draining        Necr           24%        2d7       7%          3
 Freezing Cloud           Conj/Ice/Air   28%        6-21      9%          5
 Corpse Rot               Necr/Pois/Air  36%        N/A       12%         4
 Airstrike                Air            17%        2d(3-19)  13%         4
 Summon Mana Viper        Hex/Summ       38%        N/A       26%         5
 Alistair's Intoxication  Tmut/Pois      25%        N/A       28%         5
 Statue Form              Tmut/Erth      40%        N/A       28%         6
 Silence                  Hex/Air        14%        N/A       41%         5
 Agony                    Necr           24%        N/A       50%         5
 Yara's Violent Unravell  Hex/Tmut       12%        3d7       50%         5
 Summon Cactus Giant      Summ           25%        N/A       54%         6
 Lehudib's Crystal Spear  Conj/Erth      42%        10d10     65%         8
 Disjunction              Tloc           38%        N/A       91%         8
 Summon Hydra             Summ           25%        N/A       98%         7
 Ozocubu's Refrigeration  Ice            12%        4d10      100%        7


Dungeon Overview and Level Annotations

Branches:
Dungeon (15/15) Zot: 24459  Temple (1/1) D:5 Zot: 5840    Lair (5/5) D:10 Zot: 20224
  Swamp (1/4) Lair:3 Zot: 5892   Snake (0/4) Lair:2        Slime (0/5) Lair:5
    Orc (2/2) D:11 Zot: 8615     Elf (0/3) Orc:2        Vaults (0/5) D:14
 Depths (0/4) D:15

Altars:
Ashenzari
Cheibriados
Elyvilon
Gozag
Hepliaklqana
Kikubaaqudgha
Makhleb
Nemelex Xobeh
Okawaru
Qazlal
Ru
Sif Muna
Trog
Uskayaw
Vehumet
Wu Jian
Xom
Yredelemnul
Zin
The Shining One

Shops:
D:5 ==   D:9 ??*(   D:10 *   Orc:2 =*([

Annotations:
D:15 3 runed translucent doors, ragingrage's ghost, journeyman MiBe


Innate Abilities, Weirdness & Mutations

Your life essence is reduced to manifest your ancestor. (-10% HP)
You are small and have problems with some larger weapons.
You are completely attuned to the shadows.


Message History

The six-headed hydra bites you. The six-headed hydra barely misses you.
You block the six-headed hydra's attack.
The six-headed hydra bites you.
The six-headed hydra completely misses you.
The six-headed hydra closely misses you. 2 foxfires come into view.
There is a staircase back to the Lair, spattered with blood here.
Casting: Iskenderun's Mystic Blast (safe; 1% risk of failure)
Confirm with . or Enter, or press ? or * to list all spells.
You feel a surge of power!
You erupt in a blast of force!
The mystic blast hits the spriggan rider!!
The spriggan rider is moderately wounded.
The mystic blast hits the ghost crab but does no damage.
The mystic blast hits the goliath frog!!
The goliath frog is heavily wounded.
The mystic blast hits the swamp worm!!
The swamp worm is heavily wounded.
The swamp worm is knocked back by the mystic blast.
Glurtz avoids your attack.
The mystic blast hits the hornet!
The hornet is heavily wounded.
The hornet is knocked back by the mystic blast.
The mystic blast hits the tyrant leech!!
The tyrant leech is heavily wounded.
The mystic blast hits the six-headed hydra.
The six-headed hydra is lightly wounded.
The six-headed hydra is knocked back by the mystic blast.
The mystic blast hits the will-o-the-wisp!
The will-o-the-wisp is heavily damaged.
The will-o-the-wisp is knocked back by the mystic blast.
The mystic blast hits the swamp worm!
The swamp worm is heavily wounded.
The swamp worm is knocked back by the mystic blast.
The foxfire hits you!!
* * * LOW HITPOINT WARNING * * *
The foxfire hits glurtz but does no damage.
The tyrant leech bites you but does no damage.
The will-o-the-wisp engulfs you but does no damage.
The swamp worm fires a harpoon shot at you.
The harpoon shot hits you!
You die...

..~~.~♣..~.~♣ ..~.~......♣♣
♣..~.....≈≈≈≈...
...♣♣♣..≈≈≈≈≈≈≈.~~.♣♣♣♣♣.
.~~....≈≈≈≈≈≈≈≈i.~~~..§~.
.~~...≈≈D≈≈w≈≈≈≈..§~~...♣
.§~...≈≈≈≈≈≈≈≈n≈.♣..!.w.♣♣
~~~§...≈≈≈.wt≈.♣♣....~§~.♣ ~
~~~~~..≈≈y.@.w.F~~~~~~~~.♣~~
~~§~~.....vR..~~~~~~~~~.~.~~
.~~~~.).~♣...~~....~~~~...~~
..~§~~~~♣♣♣♣.......~...~~~..
.....~.♣♣ ♣§...~~~~...~~..~
.......♣ ♣♣♣~..~~~~~~...♣♣♣
~.♣....♣ ♣~...~~~~~~~.~♣♣
~~...~♣♣ ♣.~~..~...~.~♣♣
~..♣♣♣ ♣.~~.♣~~♣♣♣♣♣♣


You could see the friendly glurtz the knight, a six-headed hydra, a tyrant
leech, a spriggan rider, a ghost crab, a goliath frog, a will-o-the-wisp (ally
target), a bog body, 2 swamp worms and a hornet.

Vanquished Creatures
  Saint Roka (Orc:2)
  Kirke (D:13)
  An orc warlord (Orc:1)
  A bunyip (Lair:3)
  A fire dragon (D:15)
  The ghost of Arex the Cleaver, a journeyman HOMo of Okawaru (Lair:2)
  4 vault guards (D:14)
  3 hydras
  2 boulder beetles
  4 centaur warriors
  Erica (D:9)
  A death knight (D:15)
  An ogre mage (D:15)
  6 two-headed ogres
  2 tengu warriors (D:14)
  An orc high priest (Orc:2)
  Amaemon (Lair:2)
  4 skeletal warriors
  A spectral death yak (Lair:2)
  A spectral hydra (Lair:2)
  3 bog bodies
  4 orc knights
  A deep elf pyromancer (D:12)
  A wolf spider (D:15)
  A manticore (D:13)
  4 orc sorcerers
  2 cyclopes
  12 ugly things
  3 elephants (Lair:1)
  2 black mambas
  An orange demon (Lair:2)
  20 cane toads
  An efreet (D:15)
  A spectral unseen horror (D:9)
  A rime drake (Lair:4)
  An unseen horror (D:12)
  A kobold demonologist (D:11)
  2 freezing wraiths (D:15)
  An unseen horror skeleton (D:9)
  7 komodo dragons
  3 polar bears
  3 tyrant leeches (Lair:5)
  9 trolls
  A bloated husk (Swamp:1)
  A wolf spider simulacrum (D:14)
  8 blink frogs (Lair:5)
  A hornet (D:9)
  A snapping turtle (D:13)
  4 slime creatures (D:13)
  3 centaur simulacra (D:15)
  Sigmund (D:4)
  A spriggan (Swamp:1)
  2 water elementals (D:13)
  3 wyverns
  4 wraiths
  41 yaks
  A spectral komodo dragon (Lair:2)
  2 hogs (D:14)
  13 vampire mosquitoes
  5 basilisks
  4 wargs
  3 nagas (Lair:2)
  A swamp worm (Swamp:1)
  2 hydra simulacra (Lair:2)
  2 acid dragons
  12 water moccasins
  A swamp drake (Swamp:1)
  3 ice beasts
  3 black bears
  23 orc warriors
  A black mamba simulacrum (Lair:2)
  9 ogres
  5 centaurs
  4 wolves (Lair:4)
  A phantom (D:6)
  4 kobold brigands
  18 bullfrogs
  Blork the orc (D:6)
  2 necrophages
  4 scorpions
  2 gnoll sergeants
  A wight (D:8)
  16 killer bees
  3 howler monkeys (D:10)
  9 electric eels
  A jelly (D:7)
  A centaur zombie (D:9)
  7 hounds
  14 orc priests
  Ijyb (D:4)
  2 iguanas
  36 orc wizards
  A howler monkey zombie (D:9)
  Robin (D:2)
  7 gnolls
  A howler monkey skeleton (D:9)
  9 adders
  A shadow imp (D:5)
  5 white imps
  3 ufetubi
  5 worms
  A dart slug (D:3)
  65 orcs
  8 ball pythons
  12 bats
  8 endoplasms
  6 giant cockroaches
  10 hobgoblins
  4 jackals
  3 quokkas (D:3)
  3 frilled lizards
  21 goblins
  24 kobolds
  4 rats
612 creatures vanquished.

Vanquished Creatures (collateral kills)
  A stone giant (D:15)
  Harold (D:9)
  4 vault guards (D:14)
  A hydra (D:15)
  A centaur warrior (D:15)
  2 ugly things
  A cyclops (D:15)
  3 elephants (Lair:1)
  A cane toad (Lair:5)
  An unseen horror (shapeshifter) (D:14)
  A freezing wraith (D:15)
  Psyche (D:8)
  A troll (D:10)
  A hornet (shapeshifter) (D:15)
  4 blink frogs (Lair:5)
  3 snapping turtles (D:13)
  3 centaur simulacra (D:15)
  A shadow (D:11)
  15 yaks
  4 wyverns
  3 hogs
  4 vampire mosquitoes
  A steam dragon (D:9)
  A warg (Orc:1)
  2 acid dragons
  7 orc warriors
  A black bear (D:5)
  2 ogres (D:15)
  2 wolves
  A centaur (D:14)
  2 kobold brigands
  A necrophage (D:8)
  4 bullfrogs
  A scorpion (D:7)
  2 wights (D:8)
  A howler monkey (D:6)
  An orc priest (D:9)
  A hound (D:5)
  A jelly (D:6)
  An iguana (D:5)
  5 orc wizards
  3 gnolls (D:7)
  A white imp (D:5)
  An ufetubus (D:15)
  8 orcs
  5 kobolds
112 creatures vanquished.

Vanquished Creatures (others)
  A human (D:14)
  6 knights
  4 demonic plants (D:5)
  2 foxfires (Swamp:1)
  16 fungi
  83 plants
112 creatures vanquished.

Grand Total: 836 creatures vanquished

Notes
Turn   | Place    | Note
-------+----------+-------------------------------------------
     0 | D:1      | mortz the Kobold Conjurer began the quest for the Orb.
     0 | D:1      | Reached XP level 1. HP: 10/10 MP: 3/3
   245 | D:1      | Reached XP level 2. HP: 15/15 MP: 0/5
   248 | D:1      | Learned a level 2 spell: Searing Ray
   657 | D:1      | Found a faded altar of an unknown god.
  1212 | D:2      | Reached XP level 3. HP: 19/19 MP: 1/6
  1564 | D:2      | Reached skill level 3 in Stealth
  1568 | D:2      | Noticed Robin
  1876 | D:2      | Reached XP level 4. HP: 24/24 MP: 7/7
  1893 | D:2      | Learned a level 4 spell: Iskenderun's Mystic Blast
  2163 | D:2      | Reached skill level 5 in Conjurations
  2170 | D:2      | Killed Robin
  2691 | D:3      | Reached skill level 4 in Stealth
  2990 | D:3      | Reached XP level 5. HP: 28/28 MP: 5/9
  3350 | D:3      | Found a hazy altar of Hepliaklqana.
  3355 | D:3      | Became a worshipper of Hepliaklqana the Forgotten
  4170 | D:3      | Found a hazy altar of Hepliaklqana.
  4602 | D:4      | Noticed Sigmund
  4658 | D:4      | Reached skill level 1 in Translocations
  4673 | D:4      | Reached XP level 6. HP: 31/32 MP: 1/11
  4797 | D:4      | Reached skill level 5 in Stealth
  4822 | D:4      | Identified the +4 ring mail "Ofacefoi" {rPois rF- rCorr}
  4986 | D:4      | Reached skill level 1 in Short Blades
  5117 | D:4      | Reached XP level 7. HP: 37/37 MP: 12/12
  5135 | D:4      | Noticed Ijyb
  5142 | D:4      | Killed Ijyb
  5270 | D:4      | Found a bloodstained altar of Trog.
  5700 | D:5      | Entered Level 5 of the Dungeon
  5744 | D:5      | Found Niskuef's Jewellery Shoppe.
  5773 | D:5      | Upgraded the game from 0.29.0-13-gc9e81de378 to
                  | 0.29.0-15-g675c0067aa
  5793 | D:5      | Bought a ring of magical power for 220 gold pieces
  5807 | D:5      | Reached skill level 6 in Stealth
  6008 | D:5      | Found Isire's Jewellery Emporium.
  6040 | D:5      | Found a staircase to the Ecumenical Temple.
  6046 | Temple   | Entered the Ecumenical Temple
  6207 | D:5      | Reached * piety under Hepliaklqana
  6229 | D:5      | Reached skill level 1 in Fighting
  6229 | D:5      | Reached XP level 8. HP: 38/38 MP: 11/14
  6307 | D:5      | Found a sparkling altar of Nemelex Xobeh.
  6360 | D:5      | Found a glowing golden altar of the Shining One.
  6386 | D:5      | Reached skill level 7 in Stealth
  7447 | D:6      | Reached skill level 8 in Stealth
  7447 | D:6      | Reached skill level 5 in Spellcasting
  7447 | D:6      | Reached XP level 9. HP: 42/42 MP: 16/16
  7449 | D:6      | Noticed a two-headed ogre
  7456 | D:6      | Killed a two-headed ogre
  7457 | D:6      | Reached skill level 9 in Stealth
  7531 | D:6      | Found a burning altar of Makhleb.
  7805 | D:6      | Reached skill level 10 in Stealth
  7805 | D:6      | Reached skill level 5 in Translocations
  8043 | D:6      | Found an ornate altar of the Wu Jian Council.
  8058 | D:6      | Noticed Blork the orc
  8062 | D:6      | Killed Blork the orc
  8218 | D:6      | Reached ** piety under Hepliaklqana
  8219 | D:6      | Remembered your ancestor glurtz as a knight
  8607 | D:7      | Found an iron altar of Okawaru.
  8616 | D:7      | Learned a level 3 spell: Stone Arrow
  8684 | D:7      | Reached XP level 10. HP: 46/46 MP: 18/18
  8762 | D:7      | Reached skill level 5 in Dodging
  8916 | D:7      | Found a radiant altar of Vehumet.
  9078 | D:7      | Found a snail-covered altar of Cheibriados.
  9321 | D:7      | Reached skill level 11 in Stealth
  9929 | D:8      | Reached *** piety under Hepliaklqana
  9996 | D:8      | Noticed a two-headed ogre
 10021 | D:8      | Killed a two-headed ogre
 10022 | D:8      | Reached skill level 12 in Stealth
 10243 | D:8      | Noticed Psyche
 10249 | D:8      | Killed Psyche
 11142 | D:9      | Found Wah Qer's General Store.
 11145 | D:9      | Bought a scroll of identify for 24 gold pieces
 11163 | D:9      | Found Acaen's Magic Scroll Boutique.
 11168 | D:9      | Bought a scroll of identify for 20 gold pieces
 11282 | D:9      | Reached XP level 11. HP: 51/51 MP: 21/21
 11312 | D:9      | Reached skill level 13 in Stealth
 11455 | D:9      | Found Edisoila's Weapon Shoppe.
 11617 | D:9      | Found Xoemig's Magic Scroll Boutique.
 11622 | D:9      | Bought a scroll of identify for 30 gold pieces
 11850 | D:9      | Noticed Erica
 11858 | D:9      | Killed Erica
 11859 | D:9      | Reached skill level 1 in Earth Magic
 11859 | D:9      | Reached skill level 1 in Invocations
 12037 | D:5      | Bought a ring of wizardry for 360 gold pieces
 12256 | D:9      | Noticed Harold
 12266 | D:9      | Killed Harold
 12267 | D:9      | Reached skill level 14 in Stealth
 12330 | D:9      | Reached **** piety under Hepliaklqana
 12862 | D:10     | Entered Level 10 of the Dungeon
 13114 | D:10     | Found a staircase to the Lair.
 13167 | D:10     | Found Putivvo's Gadget Gallery.
 13189 | D:10     | Learned a level 3 spell: Call Canine Familiar
 13499 | D:10     | You fall into a shaft and drop 3 floors!
 13756 | D:11     | Reached ***** piety under Hepliaklqana
 14054 | D:12     | Noticed a cyclops
 14061 | D:12     | Killed a cyclops
 14062 | D:12     | Reached XP level 12. HP: 55/55 MP: 24/24
 14484 | D:11     | Found a staircase to the Orcish Mines.
 14735 | D:10     | Found an opulent altar of Gozag.
 14754 | D:10     | Found a sacrificial altar of Ru.
 14917 | D:10     | Found a stormy altar of Qazlal.
 14965 | D:11     | Noticed a two-headed ogre
 14975 | D:11     | Killed a two-headed ogre
 15464 | D:12     | Noticed an eight-headed hydra
 15470 | D:12     | Killed an eight-headed hydra
 16748 | D:10     | Found a staircase to the Lair.
 16827 | D:10     | Found Putivvo's Gadget Gallery.
 16854 | D:10     | Found a sacrificial altar of Ru.
 16878 | D:10     | Found a stormy altar of Qazlal.
 16910 | D:10     | Found an opulent altar of Gozag.
 17284 | Lair:1   | Entered Level 1 of the Lair of Beasts
 17334 | Lair:1   | Reached skill level 10 in Conjurations
 17458 | Lair:1   | Reached skill level 5 in Earth Magic
 17464 | Lair:1   | Reached XP level 13. HP: 60/60 MP: 9/26
 17813 | Lair:1   | Reached skill level 10 in Spellcasting
 18082 | D:9      | Bought a scroll of enchant armour for 112 gold pieces
 18082 | D:9      | Bought a scroll of enchant weapon for 112 gold pieces
 18082 | D:9      | Bought a scroll of noise for 15 gold pieces
 18082 | D:9      | Bought a scroll of teleportation for 45 gold pieces
 18082 | D:9      | Bought a scroll of enchant armour for 112 gold pieces
 18131 | D:9      | Bought a scroll of enchant armour for 90 gold pieces
 18131 | D:9      | Bought a potion of resistance for 120 gold pieces
 18796 | Lair:2   | Reached skill level 15 in Stealth
 18870 | Lair:2   | Noticed Amaemon
 18874 | Lair:2   | Killed Amaemon
 19116 | Lair:2   | Found a staircase to the Snake Pit.
 19554 | Lair:2   | Found a runed translucent gate.
 19557 | Lair:2   | Found a runed translucent gate.
 19558 | Lair:2   | Found a runed translucent gate.
 20107 | Lair:2   | Noticed Arex's ghost (journeyman HOMo)
 20253 | Lair:2   | Killed Arex's ghost
 20888 | Lair:3   | Noticed a five-headed hydra
 20892 | Lair:3   | Killed a five-headed hydra
 20895 | Lair:3   | Found a staircase to the Swamp.
 20897 | Lair:3   | Reached XP level 14. HP: 64/64 MP: 29/29
 21021 | Lair:3   | Reached skill level 16 in Stealth
 21282 | Lair:3   | Learned a level 5 spell: Lee's Rapid Deconstruction
 21633 | Lair:3   | Found a staircase to the Swamp.
 22073 | Lair:4   | Reached ****** piety under Hepliaklqana
 23716 | Lair:5   | Entered Level 5 of the Lair of Beasts
 23814 | Lair:5   | Found a staircase to the Slime Pits.
 23915 | Lair:5   | Reached skill level 1 in Summonings
 25300 | Lair:5   | Reached skill level 10 in Earth Magic
 25458 | Lair:5   | Got the Dissertation on Non-Euclidean Poisoning
 25459 | Lair:5   | Identified the +0 pair of gloves of the Abyss {rElec rN+++
                  | MP-9 Slay+4}
 25828 | Lair:5   | Found a staircase to the Slime Pits.
 26790 | Orc:1    | Entered Level 1 of the Orcish Mines
 27011 | Orc:1    | Noticed an orc warlord
 27095 | Orc:1    | Killed an orc warlord
 27658 | Orc:2    | Entered Level 2 of the Orcish Mines
 28127 | Orc:2    | Reached XP level 15. HP: 57/70 MP: 30/31
 28134 | Orc:2    | Learned a level 6 spell: Dispersal
 28368 | Orc:2    | Found a staircase to the Elven Halls.
 28927 | Orc:2    | Noticed Saint Roka
 29347 | Orc:2    | Killed Saint Roka
 29617 | Orc:2    | Found Sinn's General Store.
 29625 | Orc:2    | Found Wosopp's Jewellery Shoppe.
 29675 | Orc:2    | Found Ijoemn's Antique Weapon Shoppe.
 29718 | Orc:2    | Found Qaisopn's Antique Armour Shoppe.
 30244 | Orc:2    | Bought a Trismegistus Codex for 392 gold pieces
 30248 | Orc:2    | Learned a level 3 spell: Mephitic Cloud
 30252 | Orc:2    | Learned a level 3 spell: Ignite Poison
 30449 | D:5      | Bought the amulet "Surgh" {Acrobat Fly rElec rPois Dex+4}
                  | for 645 gold pieces
 30649 | Orc:2    | Bought a scroll of enchant weapon for 105 gold pieces
 31478 | D:13     | Reached skill level 1 in Fire Magic
 32402 | D:14     | Noticed Kirke
 32554 | D:14     | Reached skill level 1 in Poison Magic
 33153 | D:13     | Killed Kirke
 35084 | D:14     | Reached XP level 16. HP: 74/74 MP: 26/33
 35370 | D:14     | Found a gate to the Vaults.
 35615 | D:15     | Entered Level 15 of the Dungeon
 35706 | D:15     | Paralysed by a hornet for 3 turns
 35980 | D:15     | Found a bloodstained altar of Trog.
 36023 | D:15     | Found a runed translucent gate.
 36024 | D:15     | Found a runed translucent gate.
 36029 | D:15     | Found a runed translucent gate.
 36062 | D:15     | Noticed ragingrage's ghost (journeyman MiBe)
 37034 | D:15     | Reached skill level 10 in Translocations
 37264 | D:15     | Reached skill level 1 in Air Magic
 37419 | D:15     | Found a staircase to the Depths.
 37998 | D:4      | Killed Sigmund
 38200 | Swamp:1  | Entered Level 1 of the Swamp
 38480 | Swamp:1  | Reached skill level 17 in Stealth
 38938 | Swamp:1  | Killed from afar by a swamp worm

Illustrated notes

Levels and vault maps discovered:
D:1:      nzn_arrival_water_spiral, layout_basic,
          hellmonk_ecumenical_altar_blasted, corexii_item_surrounded_by_moat,
          hex_tiny
D:2:      layout_loops_corners, uniq_robin
D:3:      minmay_inner_zag, layout_basic, mainiacjoe_overflow_boulevard
D:4:      layout_cave_pools, lemuel_coloured_pillars_altar,
          nicolae_overflow_hidden_temple, uniq_ijyb, uniq_sigmund
D:5:      layout_rooms, nicolae_tso_carved_into_rock,
          mainiacjoe_overflow_six_doors_small, minmay_temple_entry_arrows,
          serial_demonic, serial_demonic_a, serial_demonic_d, serial_demonic_b,
          serial_demonic_g, serial_shops, nicolae_stop_n_shop_2, shop_coins,
          kennysheep_dice
D:6:      layout_gridville, mainiacjoe_overflow_surrounded_room,
          lemuel_doored_altar, feat_on_display, uniq_blork_the_orc
D:7:      layout_basic, mainiacjoe_overflow_paths, okawaru_trees_2,
          lemuel_round_altar
D:8:      layout_basic, uniq_psyche
D:9:      minmay_bubble_buster, layout_irregular_city, serial_shops,
          nicolae_shop_competitors_out_of_business,
          nicolae_shop_bloodbath_and_beyond, nicolae_shop_behind_doors, shop,
          hangedman_weighted_door, uniq_harold, uniq_erica
D:10:     layout_irregular_city, grunt_gozag_statues, general_overflow_altar,
          overflow_temple_1_default, david_lair_generic, nicolae_shop_gadgets
D:11:     layout_roguey, orc_0_dummy, minmay_door_square
D:12:     layout_roguey, serial_co_window_serial, co_window_cross_1,
          co_window_corner_a, co_window_corner_a, co_window_of_opportunity_a,
          co_window_paths_a, co_window_cross_1, co_window_corner_b,
          co_window_corner_b, co_window_corner_cb, co_window_corner_b,
          co_window_of_opportunity_c, co_window_of_opportunity_b,
          co_window_4corner_a, co_window_sun, glass_columns_c, glass_columns_a,
          glass_columns_c
D:13:     wad_bat_island, layout_irregular_city
D:14:     layout_cave_pools, erik_vaults_2, serial_park_tiny_2, minivault_20,
          uniq_kirke
D:15:     grunt_enter_depths_giant_problem, layout_loops_corners,
          gammafunk_ghost_split, serial_ice, serial_ice_k, serial_ice_d,
          serial_ice_f, serial_ice_e, minmay_misc_feat_chi, trog_hazing_becter
Temple:   nicolae_temple_two_arcs
Lair:1:   layout_concentric_octagons, minivault_26
Lair:2:   layout_cave_pods, minmay_snake_entry_guardpost_small,
          gammafunk_ghost_necromancy, grunt_megastairs_5, uniq_amaemon
Lair:3:   layout_misc_corridors, skrybe_swamp_entry_bodies,
          nzn_sisyphean_effort, grunt_megastairs_3, lemuel_fruit_tree
Lair:4:   layout_loops_ring, serial_bayou_shore_a
Lair:5:   minmay_lair_end_frog_pond, layout_regular_city, slime_entry_1
Swamp:1:  layout_basic_swamp, evilmike_swamp_ruin_house_3, swamp_pool1,
          hangedman_swamp_lotus, infiniplex_staircase_pool
Orc:1:    layout_diamond_mine
Orc:2:    grunt_orc_cross, layout_caves, basic_altar, nicolae_orc_rich_vein

Skill      XL: |  1  2  3  4  5  6  7  8  9 10 11 12 13 14 15 16 |
---------------+-------------------------------------------------+-----
Stealth        | 3 4 5 6 8 10 12 14 15 16 17 | 17.0
Conjurations   | 5 6 7 8 10 11 12 | 12.8
Spellcasting   | 3 4 5 6 8 9 11 12 13 | 13.7
Translocations | 1 3 4 5 6 7 8 9 10 | 10.0
Short Blades   | 1 2 3 4 |  4.6
Dodging        | 3 4 5 6 |  6.7
Fighting       | 1 2 3 |  3.1
Earth Magic    | 2 5 8 10 11 | 11.7
Invocations    | 2 3 |  3.1
Summonings     | 3 |  3.8
Fire Magic     | 3 4 |  4.3
Poison Magic   | 2 3 |  3.6
Air Magic      | 1 |  1.3
Shields        | |  0.8
Transmutations | |  0.1

Action                   |  1- 3 |  4- 6 |  7- 9 | 10-12 | 13-15 | 16-18 || total
-------------------------+-------+-------+-------+-------+-------+-------++-------
Melee: Short sword       |     4 |       |       |       |       |       ||     4
       Dagger            |     2 |    17 |    19 |    27 |    66 |     6 ||   137
 Cast: Magic Dart        |    24 |    20 |     4 |       |       |       ||    48
       Searing Ray       |    10 |    30 |    48 |    78 |     2 |       ||   168
       Iskenderun's Myst |       |       |       |    52 |    65 |    15 ||   132
       Stone Arrow       |       |       |       |    35 |   506 |    90 ||   631
       Call Canine Famil |       |       |       |       |     2 |       ||     2
       Mephitic Cloud    |       |       |       |       |     6 |     3 ||     9
       Ignite Poison     |       |       |       |       |     3 |     1 ||     4
       Lee's Rapid Decon |       |       |       |       |     2 |       ||     2
Invok: Ancestor Identity |       |       |     2 |       |       |       ||     2
       Ancestor Life: Kn |       |       |     1 |       |       |       ||     1
       Recall Ancestor   |       |       |       |     1 |     5 |     1 ||     7
  Use: Scroll            |     1 |     9 |     6 |    10 |    11 |       ||    37
 Stab: Sleeping          |     6 |    14 |    18 |    26 |    51 |     6 ||   121
       Distracted        |       |       |       |       |     1 |       ||     1
Armor: Robe              |       |    10 |    15 |    17 |    32 |     9 ||    83
Dodge: Dodged            |     3 |    40 |    35 |    45 |   126 |    36 ||   285
Block: Buckler           |       |       |       |     1 |    23 |     4 ||    28
